cohdb
Replays
Latest Replays
All Replays
Popular Replays
Top Player Replays
Match Explorer
How It Works
Community
CoH3 Stats
Reddit
Sign in to upload your games and track your stats! →
Sign in with Steam
Match 38148360
Unlisted
Match 38148360
Overview
Messages
Build Orders
End
Pioneer Squad
Construct Infanterie Kompanie
Pioneer Squad
Grenadier Squad
Grenadier Squad
GrW 34 Mortar Team
Infanterie Officer Quarters
MG 42 Machine Gun Team
Construct Luftwaffe Kompanie
Jäger Squad
221 Scout Car
Luftwaffe Officer Quarters
221 Scout Car
Selects Mechanized Battlegroup
Selects Raid Package
Selects StuG Assault Group
221 Scout Car
Selects Mobile Repair Stations
Construct Panzergrenadier Kompanie
Pak 40 Anti-tank Gun Team
Light
Unxversal
[GG]Onkel Stonkel
[GG]Quiq
0
0
Comments
sign in to comment!
No comments posted yet!